 Dungeon Crawl Stone Soup version 0.25-a0-782-g655279ceaa (webtiles) character file.

Game seed: 12648790725002241704, levelgen mode: deterministic

6709 Jdopus the Carver (level 10, -1/81 HPs)
             Began as a Green Draconian Berserker on Apr 16, 2020.
             Was a High Priest of Trog.
             Slain by an 11-headed hydra (2 damage)
             ... on level 1 of the Lair of Beasts.
             The game lasted 00:46:32 (8309 turns).

Jdopus the Carver (Green Draconian Berserker)       Turns: 8309, Time: 00:46:33

Health: -1/81      AC: 15    Str: 23    XL:     10   Next: 74%
Magic:  3/9        EV: 10    Int: 10    God:    Trog [*****.]
Gold:   319        SH: 14    Dex: 10    Spells: 9/9 levels left

rFire    . . .     SeeInvis +   q - +8 falchion (venom)
rCold    . . .     Gourm    .   y - +0 tower shield
rNeg     . . .     Faith    .   (armour unavailable)
rPois    +         Spirit   .   (helmet restricted)
rElec    .         Reflect  .   c - +2 cloak
rCorr    .         Harm     .   s - +0 pair of gloves
MR       .....                  F - +0 pair of boots
Stlth    ++........             n - amulet of the acrobat
HPRegen  0.23/turn              g - +3 ring of protection
MPRegen  0.11/turn              o - ring of see invisible

@: no status effects
A: breathe noxious fumes, unfitting armour, stinger 1, clever 1, frail 1, low mp
1, poison resistance, evolution 1, no potion heal 1, cold-blooded, AC +7
a: Breathe Noxious Fumes, Berserk, Trog's Hand, Brothers in Arms, Renounce
Religion


You were on level 1 of the Lair of Beasts.
You worshipped Trog.
Trog was extremely pleased with you.
You were not hungry.

You visited 3 branches of the dungeon, and saw 11 of its levels.

You collected 319 gold pieces.

Inventory:

Hand Weapons
 a - a +3 quarterstaff of chaos
 l - a +0 shortbow
 q - a +8 falchion of venom (weapon)
 A - a +2 dagger of freezing
 H - a +1 antimagic demon blade
Missiles
 f - 188 stones
 i - a throwing net (quivered)
 k - 60 poisoned darts
 m - 76 arrows
Armour
 c - a +2 cloak (worn)
 s - a +0 pair of gloves (worn)
 y - a +0 tower shield (worn)
 F - a +0 pair of boots (worn)
Magical Staves
 w - an uncursed staff of air {unknown}
Jewellery
 d - an uncursed ring of wizardry
 g - a +3 ring of protection (left hand)
 n - an amulet of the acrobat (around neck)
 o - a ring of see invisible (right hand)
Wands
 t - a wand of random effects (49)
 D - a wand of polymorph (5)
 E - a wand of flame (20)
Scrolls
 e - a scroll of fear
 h - 2 scrolls of remove curse
 j - 5 scrolls of teleportation
 r - 6 scrolls of identify
 u - 3 scrolls of fog
 C - a scroll of blinking
 I - a scroll of vulnerability {unknown}
Potions
 b - a potion of might
 v - 6 potions of curing
 x - a potion of cancellation
 z - 2 potions of haste
 B - a potion of magic
Comestibles
 p - a ration
 G - 15 chunks of flesh


   Skills:
 + Level 8.8 Fighting
 + Level 10.9 Long Blades
   Level 4.6 Maces & Flails
 + Level 7.0 Dodging
 + Level 4.0 Stealth
 + Level 3.4 Shields
 + Level 0.5 Evocations


You had 9 spell levels left.
You didn't know any spells.
Your spell library contained the following spells:

 Spells                   Type           Power        Failure   Level  Hunger
 Confusing Touch          Hex            #.......     100%        3    ####...
 Gell's Gravitas          Tloc           #.........   100%        3    ####...
 Petrify                  Tmut/Erth      #.......     100%        4    #####..
 Metabolic Englaciation   Hex/Ice        #.........   100%        5    ######.
 Yara's Violent Unravell  Hex/Tmut       #.........   100%        5    ######.


Dungeon Overview and Level Annotations

Branches:
Dungeon (9/15)             Temple (1/1) D:7            Lair (1/6) D:9
    Orc: D:9-12

Altars:
Ashenzari
Cheibriados
Dithmenos
Elyvilon
Fedhas
Gozag
Hepliaklqana
Kikubaaqudgha
Makhleb
Nemelex Xobeh
Okawaru
Qazlal
Ru
Sif Muna
Trog
Uskayaw
Vehumet
Wu Jian
Xom
Yredelemnul
Zin
The Shining One

Shops:
D:5 (


Innate Abilities, Weirdness & Mutations

You can breathe blasts of noxious fumes.
Your lurid green scales are hard. (AC +7)
You cannot fit into any form of body armour.
Your system is resistant to poisons. (rPois)
You are cold-blooded and may be slowed by cold attacks.
Your tail ends in a poisonous barb.
Your mind is acute. (Int +2)
You are frail. (-10% HP)
Your magical capacity is low. (-10% MP)
You evolve.
Potions are less effective at restoring your health.


Message History

The 11-headed hydra bites you but does no damage.
The 11-headed hydra bites you!!
* * * LOW HITPOINT WARNING * * *
The 11-headed hydra bites you.
* * * LOW HITPOINT WARNING * * *
The 11-headed hydra bites you.
* * * LOW HITPOINT WARNING * * *
You block the 11-headed hydra's attack. The 11-headed hydra bites you.
* * * LOW HITPOINT WARNING * * *
Your system partially rejects the healing.
You feel better.
The 11-headed hydra bites you but does no damage. x2
The 11-headed hydra barely misses you. x2; The 11-headed hydra bites you.
* * * LOW HITPOINT WARNING * * *
The 11-headed hydra bites you.
* * * LOW HITPOINT WARNING * * *
The 11-headed hydra bites you.
* * * LOW HITPOINT WARNING * * *
The 11-headed hydra bites you.
You die...

#. #..#. .# ##....# ....
#. ...... ...# .#
.##....# ... ..#
###.....# #.##
...###.#..... .#.#
......#....# ..###
.........@.# ....####
#......D.##
....##.######......##
(....#...##............
........................
........÷...............
÷.............P.........
#....#.....<.##........!
##...........##.........


You could see a 11-headed hydra.

Vanquished Creatures
  The ghost of milk the Fighter, a novice MiFi of Qazlal (D:6)
  A spiny frog (Lair:1)
  Maggie (D:7)
  A komodo dragon (Lair:1)
  Grinder (D:5)
  9 yaks
  A hungry ghost (D:9)
  Menkaure (D:4)
  A water moccasin (D:7)
  2 porcupines (Lair:1)
  A sky beast (D:5)
  5 ogres
  3 phantoms
  2 ice beasts
  3 centaurs
  A big kobold (D:8)
  Blork the orc (D:5)
  7 bullfrogs
  3 scorpions
  5 wights (D:8)
  3 crimson imps
  2 bullfrog zombies
  2 quasits
  4 jellies
  3 bullfrog skeletons
  6 hounds
  3 orc priests (D:8)
  A gnoll shaman (D:6)
  Crazy Yiuf (D:5)
  Ijyb (D:4)
  2 iguanas
  3 orc wizards (D:8)
  2 worker ants
  Robin (D:2)
  2 howler monkey skeletons
  6 adders
  5 gnolls (D:6)
  5 shadow imps
  An adder skeleton (D:4)
  2 adder zombies (D:8)
  4 worms
  A dart slug (D:1)
  3 leopard geckos
  8 orcs
  3 ball pythons
  4 bats
  4 giant cockroaches
  12 goblins
  9 hobgoblins
  10 kobolds
  3 quokkas
  4 frilled lizards
  A jackal zombie (D:6)
  2 leopard gecko skeletons
  5 rats
  2 fungi (D:9)
  A plant (D:9)
181 creatures vanquished.

Vanquished Creatures (others)
  A fungus (Lair:1)
1 creature vanquished.

Grand Total: 182 creatures vanquished

Notes
Turn   | Place    | Note
-------+----------+-------------------------------------------
     0 | D:1      | Jdopus the Draconian Berserker began the quest for the Orb.
     0 | D:1      | Reached XP level 1. HP: 19/19 MP: 1/1
    45 | D:1      | Reached XP level 2. HP: 25/26 MP: 2/2
  1601 | D:2      | Reached XP level 3. HP: 33/33 MP: 3/3
  2255 | D:2      | Reached ** piety under Trog
  2277 | D:2      | Noticed Robin
  2283 | D:2      | Killed Robin
  2326 | D:2      | Reached XP level 4. HP: 36/40 MP: 4/4
  2635 | D:3      | Gained mutation: Potions are less effective at restoring
                  | your health. [potion of mutation]
  2635 | D:3      | Gained mutation: You have a pair of small horns on your
                  | head. [potion of mutation]
  2635 | D:3      | Gained mutation: You possess an exceptional clarity of
                  | mind. [potion of mutation]
  2717 | D:3      | Found a hazy altar of Hepliaklqana.
  2899 | D:3      | Lost mutation: You possess an exceptional clarity of mind.
                  | [potion of mutation]
  2899 | D:3      | Lost mutation: You have a pair of small horns on your head.
                  | [potion of mutation]
  2899 | D:3      | Gained mutation: Your mind is acute. (Int +2) [potion of
                  | mutation]
  2899 | D:3      | Gained mutation: Your magical capacity is low. (-10% MP)
                  | [potion of mutation]
  2899 | D:3      | Gained mutation: You evolve. [potion of mutation]
  3183 | D:4      | Noticed Ijyb
  3189 | D:4      | Killed Ijyb
  3212 | D:4      | Noticed Menkaure
  3221 | D:4      | Killed Menkaure
  3221 | D:4      | Reached skill level 2 in Long Blades
  3221 | D:4      | Reached XP level 5. HP: 47/47 MP: 4/4
  3360 | D:4      | Found a snail-covered altar of Cheibriados.
  3360 | D:4      | Found a bloodstained altar of Trog.
  3374 | D:4      | Reached XP level 6. HP: 49/53 MP: 5/5
  3877 | D:5      | Entered Level 5 of the Dungeon
  3878 | D:5      | Found Befamirph's Weapon Boutique.
  3890 | D:5      | Noticed Grinder
  3890 | D:5      | Paralysed by Grinder for 5 turns
  3898 | D:5      | Paralysed by Grinder for 5 turns
  3909 | D:5      | Killed Grinder
  3909 | D:5      | Reached skill level 5 in Fighting
  3909 | D:5      | Reached skill level 3 in Long Blades
  3909 | D:5      | Your scales start taking on a lurid green colour.
  3909 | D:5      | Reached XP level 7. HP: 46/61 MP: 6/6
  3909 | D:5      | Gained mutation: Your system is resistant to poisons.
                  | (rPois) [Green Draconian growth]
  4020 | D:5      | Reached skill level 4 in Long Blades
  4048 | D:5      | Found a glowing drain.
  4106 | D:5      | Reached skill level 5 in Long Blades
  4106 | D:5      | Reached skill level 1 in Stealth
  4351 | D:5      | Noticed Blork the orc
  4362 | D:5      | Killed Blork the orc
  4362 | D:5      | Reached XP level 8. HP: 59/70 MP: 7/7
  4586 | D:5      | Found a runed translucent door.
  4587 | D:5      | Noticed Crazy Yiuf
  4594 | D:5      | Killed Crazy Yiuf
  5168 | D:6      | Reached skill level 6 in Long Blades
  5194 | D:6      | Reached skill level 5 in Dodging
  5201 | D:6      | Gained mutation: Your tail ends in a poisonous barb.
                  | [evolution]
  5236 | D:6      | Reached *** piety under Trog
  5240 | D:6      | Reached skill level 7 in Long Blades
  5274 | D:6      | Noticed milk's ghost (novice MiFi)
  5516 | D:6      | Found a runed translucent gate.
  5516 | D:6      | Found a runed translucent gate.
  5516 | D:6      | Found a runed translucent gate.
  5558 | D:6      | Killed milk's ghost
  5558 | D:6      | Reached skill level 8 in Long Blades
  5558 | D:6      | Reached XP level 9. HP: 78/78 MP: 8/8
  6162 | D:7      | Noticed Maggie
  6179 | D:7      | Killed Maggie
  6186 | D:7      | Found a staircase to the Ecumenical Temple.
  6201 | Temple   | Entered the Ecumenical Temple
  6397 | D:7      | Found a shimmering blue altar of Sif Muna.
  6445 | D:7      | Reached skill level 9 in Long Blades
  7076 | D:8      | Reached **** piety under Trog
  7133 | D:8      | Reached XP level 10. HP: 87/88 MP: 9/9
  7216 | D:8      | Reached skill level 10 in Long Blades
  7308 | D:8      | Gained mutation: You are frail. (-10% HP) [evolution]
  7332 | D:8      | Found a sacrificial altar of Ru.
  7804 | D:9      | Reached skill level 1 in Shields
  8047 | D:9      | Found a staircase to the Lair.
  8115 | Lair:1   | Entered Level 1 of the Lair of Beasts
  8123 | Lair:1   | Noticed a spiny frog
  8136 | Lair:1   | Killed a spiny frog
  8174 | Lair:1   | Reached ***** piety under Trog
  8174 | Lair:1   | Received a gift from Trog
  8293 | Lair:1   | Noticed a six-headed hydra
  8308 | Lair:1   | HP: 4/81 [11-headed hydra (5)]
  8309 | Lair:1   | HP: 1/81 [11-headed hydra (1)]
  8309 | Lair:1   | Slain by an 11-headed hydra

Levels and vault maps discovered:
D:1:      scummos_arrival_checkerplants, layout_basic,
          chequers_serial_rivers_small_a, amethyst_killhole
D:2:      layout_loops_corners, uniq_robin
D:3:      layout_basic, old_standard_altar, first_ration,
          hangedman_decor_growths
D:4:      layout_loops_cross, chequers_temple_overflow_statue_of_worship,
          grunt_ministairs_13, uniq_ijyb, uniq_menkaure
D:5:      layout_layer_cave, serial_shops, nicolae_shop_stone,
          cheibrodos_sewer_entry_sluice, uniq_blork_the_orc,
          uniq_crazy_yiuf_cottage, uniq_grinder
D:6:      layout_basic, gammafunk_ghost_split
D:7:      layout_loops_ring, marbit_many_paths,
          minmay_temple_entry_statues_fountains, uniq_maggie
D:8:      layout_loops_ring, nicolae_ru_path_of_blood
D:9:      layout_basic, dpeg_oklobed_lair
Temple:   regret_index_temple_mists
Lair:1:   layout_hall_layers, lemuel_centaur_altar, grunt_megastairs_4

Skill      XL: |  1  2  3  4  5  6  7  8  9 10 |
---------------+-------------------------------+-----
Dodging        | 3 4 5 6 7 |  7.0
Fighting       | 4 5 6 8 |  8.8
Maces & Flails | 4 |  4.6
Long Blades    | 2 3 5 8 9 10 | 10.9
Stealth        | 1 2 4 |  4.0
Shields        | 3 |  3.4
Evocations     | |  0.5

Action                   |  1- 3 |  4- 6 |  7- 9 | 10-12 || total
-------------------------+-------+-------+-------+-------++-------
Melee: Mace              |    96 |       |       |       ||    96
       Tailslap          |     8 |     7 |    33 |    32 ||    80
       Falchion          |     1 |    69 |   191 |   183 ||   444
       Demon blade       |       |       |       |     6 ||     6
Invok: Berserk           |     6 |     2 |     1 |     1 ||    10
       Trog's Hand       |       |     1 |       |       ||     1
 Abil: Breathe Noxious F |       |       |     1 |       ||     1
Evoke: Wand              |       |       |       |     2 ||     2
  Use: Scroll            |     7 |     2 |     8 |     1 ||    18
       Potion            |     3 |     4 |     3 |     2 ||    12
 Stab: Sleeping          |       |       |     1 |     6 ||     7
  Eat: Ration            |     1 |       |     3 |     1 ||     5
       Chunk             |     7 |     5 |     3 |     3 ||    18
Armor: Skin              |    18 |    18 |    43 |    58 ||   137
Dodge: Dodged            |    70 |    53 |   143 |    66 ||   332
Block: Tower shield      |       |       |       |   112 ||   112
       Rpst.: Falchion   |       |    14 |    40 |    14 ||    68
       Demon blade       |       |       |       |     1 ||     1

Table legend:
 A = Non-vault XP
 B = Vault XP
 C = Vault XP percentage of total XP
 D = Non-vault monster count
 E = Vault monster count
 F = Vault count percentage of total count
                 A         B        C        D         E       F
            +---------+---------+-------+---------+---------+-------
      Total |    7605 |    1980 |  20.7 |     152 |      26 |  14.6
            +---------+---------+-------+---------+---------+-------
        D:1 |      31 |       0 |   0.0 |      17 |       0 |   0.0
        D:2 |      33 |      33 |  50.0 |      12 |      10 |  45.5
        D:3 |      41 |       0 |   0.0 |      13 |       0 |   0.0
        D:4 |     193 |     213 |  52.5 |       7 |       3 |  30.0
        D:5 |     569 |     414 |  42.1 |       7 |       6 |  46.2
        D:6 |     793 |     796 |  50.1 |      21 |       5 |  19.2
        D:7 |    1442 |     524 |  26.7 |      17 |       2 |  10.5
        D:8 |    1432 |       0 |   0.0 |      34 |       0 |   0.0
        D:9 |     787 |       0 |   0.0 |      14 |       0 |   0.0
     Lair:1 |    2284 |       0 |   0.0 |      10 |       0 |   0.0
            +---------+---------+-------+---------+---------+-------
